 Dungeon Crawl Stone Soup version 0.21.1-1-g345015f (webtiles) character file.

673 letownia2 the Charmwright (level 7, 55/56 HPs)
             Began as a Gnoll Skald on Feb 27, 2018.
             Quit the game on level 5 of the Dungeon.
             The game lasted 00:07:35 (1263 turns).

letownia2 the Charmwright (Gnoll Skald)             Turns: 1263, Time: 00:07:36

Health: 55/56      AC:  6    Str: 13    XL:     7   Next: 59%
Magic:  15/15      EV: 14    Int: 18    God:
Gold:   159        SH:  0    Dex: 14    Spells: 6/17 levels left

rFire    . . .     SeeInvis .   a - +0 spear
rCold    . . .     Gourm    .   (no shield)
rNeg     . . .     Faith    .   b - +0 leather armour
rPois    .         Spirit   .   (no helmet)
rElec    .         Reflect  .   (no cloak)
rCorr    .         Harm     .   (no gloves)
MR       .....                  (no boots)
Stlth    ++........             e - amulet of rage
HPRegen  0.18/turn              k - +3 ring of protection
MPRegen  0.14/turn              (no ring)

@: no status effects
A: distributed training, fangs 1, strong nose
a: Evoke Berserk Rage


You were on level 5 of the Dungeon.
You were hungry.

You visited 1 branch of the dungeon, and saw 5 of its levels.

You collected 159 gold pieces.

Inventory:

Hand Weapons
 a - a +0 spear (weapon)
 s - a +0 shortbow
 u - a +0 morningstar
Missiles
 t - 39 arrows
 y - 22 bolts
Armour
 b - a +0 leather armour (worn)
 f - a +0 scale mail of fire resistance
 q - a +0 cloak
Jewellery
 e - an amulet of rage (around neck)
 i - an uncursed amulet of harm
 k - a +3 ring of protection (left hand)
Wands
 v - a wand of flame (23)
 z - a wand of acid (3)
Scrolls
 g - 4 scrolls of identify {unknown}
 h - 3 scrolls of teleportation {unknown}
 j - 2 scrolls of amnesia {unknown}
 n - a scroll of enchant weapon {unknown}
 o - 2 scrolls of remove curse {unknown}
Potions
 l - 2 potions of heal wounds {unknown}
 m - a potion of degeneration {unknown}
 p - a potion of lignification {unknown}
 w - a potion of ambrosia {unknown}
 x - 3 potions of curing {unknown}
Books
 c - a book of Battle

   Spells                             Type                      Level
   a - Infusion                       Charms                       1
   b - Shroud of Golubria             Charms/Translocation         2
   c - Song of Slaying                Charms                       2
   d - Spectral Weapon                Hexes/Charms                 3
   e - Regeneration                   Charms/Necromancy            3
 r - a book of Maledictions

   Spells                             Type                      Level
   a - Corona                         Hexes                        1
   b - Ensorcelled Hibernation        Hexes/Ice                    2
   c - Confuse                        Hexes                        3
   d - Tukima's Dance                 Hexes                        3
   e - Dazzling Spray                 Conjuration/Hexes            3
Comestibles
 d - 9 rations


   Skills:
 + Level 5.2 Fighting
 + Level 2.5 Short Blades
 + Level 2.5 Long Blades
 + Level 2.5 Axes
 + Level 2.5 Maces & Flails
 + Level 5.2 Polearms
 + Level 2.5 Staves
 + Level 2.5 Slings
 + Level 2.5 Bows
 + Level 2.5 Crossbows
 + Level 2.5 Throwing
 + Level 3.6 Armour
 + Level 5.2 Dodging
 + Level 2.5 Stealth
 + Level 2.5 Shields
 + Level 2.5 Unarmed Combat
 + Level 5.6 Spellcasting
 + Level 2.0 Conjurations
 + Level 2.0 Hexes
 + Level 5.8 Charms
 + Level 2.0 Summonings
 + Level 2.0 Necromancy
 + Level 2.0 Translocations
 + Level 2.0 Transmutations
 + Level 2.0 Fire Magic
 + Level 2.0 Ice Magic
 + Level 2.0 Air Magic
 + Level 2.0 Earth Magic
 + Level 2.0 Poison Magic
 + Level 2.8 Invocations
 + Level 2.5 Evocations


You had 6 spell levels left.
You knew the following spells:

 Your Spells              Type           Power        Failure   Level  Hunger
a - Infusion              Chrm           ####         1%          1    None
g - Regeneration          Chrm/Necr      ###.......   9%          3    ##.....
l - Song of Slaying       Chrm           ####....     1%          2    None
t - Shroud of Golubria    Chrm/Tloc      ###.......   4%          2    None
x - Spectral Weapon       Hex/Chrm       ###.....     9%          3    ##.....


Dungeon Overview and Level Annotations

Branches:
Dungeon (5/15)
 Temple: D:4-7

Altars:
Elyvilon


Innate Abilities, Weirdness & Mutations

Your experience applies equally to all skills.
You have very sharp teeth.
Your uncanny sense of smell can sniff out nearby items.


Message History

You open the door.
A giant cockroach comes into view.
Found a white marble altar of Elyvilon.
You see here 22 bolts.
y - 22 bolts
There is a stone staircase leading down here.
You climb downwards.
There is a stone staircase leading up here.
Unknown command.
There is an open door here.
Found a short brass wand.
z - a wand of acid (3) Evoke which item? (* to show all) (? for menu, Esc to quit)
Okay, then.
Found a stone staircase leading down.
There is a stone staircase leading down here.
Put on which piece of jewellery? (? for menu, Esc to quit)
Okay, then.
Okay, then.
Are you sure you want to abandon this character and quit the game? (Confirm with "yes".)

######## #......#
#......# #......# ####
#......# ###########..
'......+ .......@..#.#
#......# ####.##.#.#.###
#......######....#.....#
#......[...##..#####.#.#
#..........##... ...#.#
#...†......###.#######.#
#..........###.........#
#####...........########
#...........'....<#


There were no monsters in sight!

Vanquished Creatures
  Eustachio (D:5)
  2 ice beasts (D:5)
  A centaur (D:5)
  A crimson imp (D:5)
  2 hounds
  An orc priest (D:4)
  An orc wizard (D:4)
  A worker ant (D:5)
  2 worker ant zombies (D:5)
  3 adders
  An adder skeleton (D:4)
  4 leopard geckos
  2 orcs (D:4)
  A ball python (D:4)
  3 giant cockroaches (D:5)
  2 goblins (D:1)
  5 hobgoblins
  A jackal (D:1)
  2 quokkas
  2 bats
  2 frilled lizards (D:4)
  A jackal skeleton (D:4)
  3 rats
44 creatures vanquished.

Notes
Turn   | Place    | Note
-------+----------+-------------------------------------------
     0 | D:1      | letownia2 the Gnoll Skald began the quest for the Orb.
     0 | D:1      | Reached XP level 1. HP: 20/20 MP: 6/6
    48 | D:2      | Reached XP level 2. HP: 26/26 MP: 7/7
    68 | D:2      | Learned a level 2 spell: Song of Slaying
    71 | D:2      | Learned a level 2 spell: Shroud of Golubria
   154 | D:3      | Reached XP level 3. HP: 15/31 MP: 6/9
   159 | D:3      | Learned a level 3 spell: Regeneration
   163 | D:3      | Learned a level 3 spell: Spectral Weapon
   203 | D:2      | Reached skill level 5 in Spellcasting
   251 | D:4      | Noticed an ogre
   263 | D:3      | Found a faded altar of an unknown god.
   347 | D:3      | Reached skill level 1 in Invocations
   565 | D:5      | Entered Level 5 of the Dungeon
   587 | D:5      | Reached skill level 1 in Short Blades
   587 | D:5      | Reached skill level 1 in Long Blades
   587 | D:5      | Reached skill level 1 in Axes
   587 | D:5      | Reached skill level 1 in Maces & Flails
   587 | D:5      | Reached skill level 1 in Staves
   587 | D:5      | Reached skill level 1 in Slings
   587 | D:5      | Reached skill level 1 in Bows
   587 | D:5      | Reached skill level 1 in Crossbows
   587 | D:5      | Reached skill level 1 in Throwing
   587 | D:5      | Reached skill level 1 in Stealth
   587 | D:5      | Reached skill level 1 in Shields
   587 | D:5      | Reached skill level 1 in Unarmed Combat
   587 | D:5      | Reached skill level 1 in Evocations
   587 | D:5      | Reached XP level 4. HP: 21/38 MP: 7/11
   617 | D:5      | Noticed an ice beast
   634 | D:5      | Killed an ice beast
   634 | D:5      | Reached skill level 1 in Conjurations
   634 | D:5      | Reached skill level 1 in Hexes
   634 | D:5      | Reached skill level 1 in Summonings
   634 | D:5      | Reached skill level 1 in Necromancy
   634 | D:5      | Reached skill level 1 in Translocations
   634 | D:5      | Reached skill level 1 in Transmutations
   634 | D:5      | Reached skill level 1 in Fire Magic
   634 | D:5      | Reached skill level 1 in Ice Magic
   634 | D:5      | Reached skill level 1 in Air Magic
   634 | D:5      | Reached skill level 1 in Earth Magic
   634 | D:5      | Reached skill level 1 in Poison Magic
   634 | D:5      | Reached XP level 5. HP: 43/43 MP: 2/12
   711 | D:5      | Noticed a centaur
   722 | D:5      | Noticed an ice beast
   722 | D:5      | Killed a centaur
   722 | D:5      | Reached XP level 6. HP: 50/50 MP: 3/14
   725 | D:5      | Reached skill level 5 in Fighting
   725 | D:5      | Reached skill level 5 in Polearms
   725 | D:5      | Reached skill level 5 in Dodging
   731 | D:5      | Killed an ice beast
   790 | D:5      | Noticed Eustachio
   816 | D:5      | Killed Eustachio
   816 | D:5      | Reached XP level 7. HP: 11/56 MP: 11/15
  1203 | D:4      | Found a white marble altar of Elyvilon.
  1263 | D:5      | Quit the game

Skill      XL: |  1  2  3  4  5  6  7 |
---------------+----------------------+-----
Spellcasting   | 5 |  5.6
Invocations    | 1 2 |  2.8
Short Blades   | 1 2 |  2.5
Long Blades    | 1 2 |  2.5
Axes           | 1 2 |  2.5
Maces & Flails | 1 2 |  2.5
Staves         | 1 2 |  2.5
Slings         | 1 2 |  2.5
Bows           | 1 2 |  2.5
Crossbows      | 1 2 |  2.5
Throwing       | 1 2 |  2.5
Stealth        | 1 2 |  2.5
Shields        | 1 2 |  2.5
Unarmed Combat | 1 2 |  2.5
Evocations     | 1 2 |  2.5
Armour         | 3 |  3.6
Conjurations   | 1 2 |  2.0
Hexes          | 1 2 |  2.0
Summonings     | 1 2 |  2.0
Necromancy     | 1 2 |  2.0
Translocations | 1 2 |  2.0
Transmutations | 1 2 |  2.0
Fire Magic     | 1 2 |  2.0
Ice Magic      | 1 2 |  2.0
Air Magic      | 1 2 |  2.0
Earth Magic    | 1 2 |  2.0
Poison Magic   | 1 2 |  2.0
Fighting       | 5 |  5.2
Polearms       | 5 |  5.2
Dodging        | 5 |  5.2
Charms         | |  5.8

Action                   |  1- 3 |  4- 6 |  7- 9 || total
-------------------------+-------+-------+-------++-------
Melee: Spear             |   100 |    50 |    44 ||   194
       Bite              |    11 |     7 |     9 ||    27
       Punch             |       |       |     1 ||     1
 Cast: Shroud of Golubri |     5 |     4 |     2 ||    11
       Regeneration      |     1 |       |       ||     1
       Infusion          |     1 |       |       ||     1
       Spectral Weapon   |       |     4 |     5 ||     9
 Abil: Evoke Berserk Rag |     1 |     3 |       ||     4
 Stab: Sleeping          |       |       |     1 ||     1
  Eat: Chunk             |       |     4 |     2 ||     6
Armor: Leather armour    |    26 |    22 |     8 ||    56
Dodge: Dodged            |    73 |    40 |    28 ||   141
